3A
MANCELONA TORCH @ YORK REVOLUTION
07/13/2028
 
TOP OF THE 1ST
Mancelona Torch batting - Pitching for York Revolution : RHP Jaime Puga
Pitching: RHP Jaime Puga
Batting: LHB Jim Halpert 0-0: Called Strike
0-1: Fly out, F7 (Flyball, 78D)
Batting: RHB Alex Vaske 0-0: Foul Ball, location: 2F
0-1: Ball
1-1: Called Strike
1-2: Strikes out looking
Batting: LHB Yu-zeng Si 0-0: Foul Ball, location: 2F
0-1: Ball
1-1: Called Strike
1-2: Ball
2-2: Fly out, F6 (Popup, 6MD)
Top of the 1st over - 0 run(s), 0 hit(s), 0 error(s), 0 left on base; Mancelona 0 - York 0
BOTTOM OF THE 1ST
York Revolution batting - Pitching for Mancelona Torch : RHP Zafar Zahir
Pitching: RHP Zafar Zahir
Batting: RHB William Rimmer 0-0: Called Strike
0-1: Ground out 5-3 (Groundball, 56)
Batting: LHB Joe Ellison 0-0: Fly out, F3 (Line Drive, 3L)
Batting: RHB Ángelo Díaz 0-0: Foul Ball, location: 2F
0-1: Swinging Strike
0-2: Ball
1-2: Ball
2-2: Ball
3-2: Base on Balls
Batting: RHB Ronald Comejo 0-0: Ball
1-0: Ball
2-0: Called Strike
2-1: Ball
3-1: Base on Balls
Ángelo Díaz to second
Batting: RHB Ernesto Deleón 0-0: Called Strike
0-1: TRIPLE (Flyball, 78D)
Ángelo Díaz scores
Ronald Comejo scores
Batting: LHB Gong Mao 0-0: Called Strike
0-1: Foul Ball, location: 2F
0-2: Ball
1-2: Ball
2-2: Strikes out looking
Bottom of the 1st over - 2 run(s), 1 hit(s), 0 error(s), 1 left on base; Mancelona 0 - York 2
TOP OF THE 2ND
Mancelona Torch batting - Pitching for York Revolution : RHP Jaime Puga
Batting: RHB Adrijan Markovski 0-0: Single, Error in OF, E8, batter to second base
Batting: RHB Kyle Vandenbrink 0-0: Called Strike
0-1: SINGLE (Groundball, 34D)
Adrijan Markovski to third
Batting: LHB Alberto Hernández 0-0: Called Strike
0-1: Ball
1-1: Foul Ball, location: 2F
1-2: Ball
2-2: Ball
3-2: Fielders Choice at 2nd, 4-6 (Groundball, 4)
Adrijan Markovski scores
Batting: LHB Badry Maksimenov 0-0: Ball
Alberto Hernández steals 2nd base
1-0: Foul Ball, location: 2F
1-1: Ball
2-1: Foul Ball, location: 2F
2-2: Strikes out swinging
Batting: RHB Tony Lugo 0-0: Ball
1-0: Called Strike
1-1: Ball
2-1: Ground out 6-3 (Groundball, 6)
Top of the 2nd over - 1 run(s), 2 hit(s), 1 error(s), 1 left on base; Mancelona 1 - York 2
BOTTOM OF THE 2ND
York Revolution batting - Pitching for Mancelona Torch : RHP Zafar Zahir
Batting: RHB Kasper Schuilenberg 0-0: Ball
1-0: Foul Ball, location: 2F
1-1: Called Strike
1-2: Foul Ball, location: 2F
1-2: Fly out, F4 (Line Drive, 4M)
Batting: SHB Jeff Lowe 0-0: Called Strike
0-1: Ball
1-1: Called Strike
1-2: SINGLE (Flyball, 89S)
Batting: RHB Louis Teague 0-0: Called Strike
0-1: Ball
1-1: Fly out, F4 (Popup, 3D)
Batting: RHB William Rimmer 0-0: Foul Ball, location: 2F
0-1: Swinging Strike
0-2: Foul Ball, location: 2F
0-2: Ball
1-2: Strikes out swinging
Bottom of the 2nd over - 0 run(s), 1 hit(s), 0 error(s), 1 left on base; Mancelona 1 - York 2
TOP OF THE 3RD
Mancelona Torch batting - Pitching for York Revolution : RHP Jaime Puga
Batting: RHB Ratko Ralevic 0-0: Ball
1-0: Ball
2-0: Fly out, F4 (Line Drive, 4M)
Batting: LHB Jim Halpert 0-0: Called Strike
0-1: Ball
1-1: Foul Ball, location: 2F
1-2: Strikes out swinging
Batting: RHB Alex Vaske 0-0: Called Strike
0-1: Foul Ball, location: 2F
0-2: Ball
1-2: Ball
2-2: SINGLE (Line Drive, 4D)
Batting: LHB Yu-zeng Si 0-0: Fielders Choice at 2nd, 4-6 (Groundball, 34)
Top of the 3rd over - 0 run(s), 1 hit(s), 0 error(s), 0 left on base; Mancelona 1 - York 2
BOTTOM OF THE 3RD
York Revolution batting - Pitching for Mancelona Torch : RHP Zafar Zahir
Batting: LHB Joe Ellison 0-0: Ground out 4-3 (Groundball, 34)
Batting: RHB Ángelo Díaz 0-0: Ball
1-0: Called Strike
1-1: Fly out, F7 (Flyball, 78M)
Batting: RHB Ronald Comejo 0-0: Ground out 6-3 (Groundball, 6)
Bottom of the 3rd over - 0 run(s), 0 hit(s), 0 error(s), 0 left on base; Mancelona 1 - York 2
TOP OF THE 4TH
Mancelona Torch batting - Pitching for York Revolution : RHP Jaime Puga
Batting: RHB Adrijan Markovski 0-0: Ground out 1-3 (Groundball, 13)
Batting: RHB Kyle Vandenbrink 0-0: Called Strike
0-1: Ball
1-1: Called Strike
1-2: Ball
2-2: Ball
3-2: SINGLE (Line Drive, 7S)
Batting: LHB Alberto Hernández 0-0: Swinging Strike
0-1: Foul Ball, location: 2F
0-2: Strikes out looking
Batting: LHB Badry Maksimenov 0-0: Called Strike
0-1: Swinging Strike
0-2: Ball
1-2: Ball
2-2: Strikes out swinging
Top of the 4th over - 0 run(s), 1 hit(s), 0 error(s), 1 left on base; Mancelona 1 - York 2
BOTTOM OF THE 4TH
York Revolution batting - Pitching for Mancelona Torch : RHP Zafar Zahir
Batting: RHB Ernesto Deleón 0-0: Swinging Strike
0-1: Foul Ball, location: 2F
0-2: Ball
1-2: Strikes out swinging
Batting: LHB Gong Mao 0-0: Called Strike
0-1: Called Strike
0-2: Foul Ball, location: 2F
0-2: Ball
1-2: Foul Ball, location: 2F
1-2: SINGLE (Groundball, 34D)
Batting: RHB Kasper Schuilenberg 0-0: Ball
1-0: Ball
2-0: Ball
3-0: Called Strike
3-1: Foul Ball, location: 2F
3-2: Reached on error, E9 (Flyball, 9D)
Gong Mao to third
Batting: SHB Jeff Lowe 0-0: Swinging Strike
0-1: Ball
1-1: Called Strike
1-2: Ball
2-2: Foul Ball, location: 2F
2-2: Foul Ball, location: 2F
2-2: Foul Ball, location: 2F
2-2: SINGLE (Groundball, 56D)
Gong Mao scores
Kasper Schuilenberg to third
Batting: RHB Louis Teague 0-0: Ball
1-0: Fly out, F8 (Flyball, 8RM)
Runner from 3rd tags up, SCORES, throw made
Batting: RHB William Rimmer 0-0: Reached on error, E6 (Groundball, 6)
Jeff Lowe to second
Batting: LHB Joe Ellison 0-0: Ball
1-0: Ball
2-0: Foul Ball, location: 2F
2-1: Foul Ball, location: 2F
2-2: Ball
3-2: Foul Ball, location: 2F
3-2: Base on Balls
Jeff Lowe to third
William Rimmer to second
Batting: RHB Ángelo Díaz 0-0: Ball
1-0: Ball
2-0: Swinging Strike
2-1: Ball
3-1: Called Strike
3-2: Foul Ball, location: 2F
3-2: Ground out 4-3 (Groundball, 4)
Bottom of the 4th over - 2 run(s), 2 hit(s), 2 error(s), 3 left on base; Mancelona 1 - York 4
TOP OF THE 5TH
Mancelona Torch batting - Pitching for York Revolution : RHP Jaime Puga
Batting: RHB Tony Lugo 0-0: Swinging Strike
0-1: Ground out 4-3 (Groundball, 4)
Batting: RHB Ratko Ralevic 0-0: Called Strike
0-1: Foul Ball, location: 2F
0-2: Foul Ball, location: 2F
0-2: Ball
1-2: Ball
2-2: Ball
3-2: Ground out 6-3 (Groundball, 6)
Batting: LHB Jim Halpert 0-0: Ball
1-0: Foul Ball, location: 2F
1-1: Foul Ball, location: 2F
1-2: Foul Ball, location: 2F
1-2: DOUBLE (Flyball, 7LM)
Batting: RHB Alex Vaske 0-0: SINGLE (Groundball, 23) (infield hit)
Jim Halpert to third
Batting: LHB Yu-zeng Si 0-0: Ball
Alex Vaske is caught stealing 2nd base
Top of the 5th over - 0 run(s), 2 hit(s), 0 error(s), 0 left on base; Mancelona 1 - York 4
BOTTOM OF THE 5TH
York Revolution batting - Pitching for Mancelona Torch : RHP Zafar Zahir
Batting: RHB Ronald Comejo 0-0: Foul Ball, location: 2F
0-1: Ball
1-1: Ball
2-1: SINGLE (Line Drive, 5D)
Batting: RHB Ernesto Deleón 0-0: Ball
1-0: Fly out, F4 (Popup, 34D)
Pitching: RHP Dan Townsend
Batting: LHB Gong Mao 0-0: SINGLE (Groundball, 34)
Ronald Comejo to second
Runner from 2nd tries for 3rd, SAFE, throw made to third
Batting: RHB Kasper Schuilenberg 0-0: Called Strike
0-1: Swinging Strike
0-2: Ball
1-2: Foul Ball, location: 2F
1-2: Ball
2-2: Ball
3-2: Strikes out swinging
Batting: SHB Jeff Lowe 0-0: Called Strike
0-1: Called Strike
0-2: Strikes out swinging
Bottom of the 5th over - 0 run(s), 2 hit(s), 0 error(s), 2 left on base; Mancelona 1 - York 4
TOP OF THE 6TH
Mancelona Torch batting - Pitching for York Revolution : RHP Jaime Puga
Batting: LHB Yu-zeng Si 0-0: Fly out, F9 (Flyball, 9LM)
Batting: RHB Adrijan Markovski 0-0: Called Strike
0-1: Foul Ball, location: 2F
0-2: Strikes out swinging
Batting: RHB Kyle Vandenbrink 0-0: Foul Ball, location: 2F
0-1: Ball
1-1: Ball
2-1: Foul Ball, location: 2F
2-2: Foul Ball, location: 2F
2-2: Ball
3-2: Foul Ball, location: 2F
3-2: Foul Ball, location: 2F
3-2: Ground out 6-3 (Groundball, 6)
Top of the 6th over - 0 run(s), 0 hit(s), 0 error(s), 0 left on base; Mancelona 1 - York 4
BOTTOM OF THE 6TH
York Revolution batting - Pitching for Mancelona Torch : RHP Dan Townsend
Batting: RHB Louis Teague 0-0: Ball
1-0: DOUBLE (Line Drive, 8LD)
Pinch Runner at 2nd Shane Seim:
Batting: RHB William Rimmer 0-0: Foul Ball, location: 2F
0-1: Sac Bunt - play at first, batter OUT! 5-3
Shane Seim to third
Batting: LHB Joe Ellison 0-0: Ball
1-0: Ground out 6-3 (Groundball, 6)
Batting: RHB Ángelo Díaz 0-0: Foul Ball, location: 2F
0-1: Called Strike
0-2: Ball
1-2: Foul Ball, location: 2F
1-2: Strikes out swinging
Bottom of the 6th over - 0 run(s), 1 hit(s), 0 error(s), 1 left on base; Mancelona 1 - York 4
TOP OF THE 7TH
Mancelona Torch batting - Pitching for York Revolution : RHP Jaime Puga
Now at 2B: Shane Seim
Batting: LHB Alberto Hernández 0-0: Ball
1-0: Foul Ball, location: 2F
1-1: Ball
2-1: Ball
3-1: Foul Ball, location: 2F
3-2: Hit by Pitch
Batting: LHB Badry Maksimenov 0-0: Ball
1-0: Ball
2-0: Called Strike
2-1: Ball
3-1: Foul Ball, location: 2F
3-2: Fly out, F9 (Flyball, 9)
Batting: RHB Tony Lugo 0-0: Called Strike
Alberto Hernández is caught stealing 2nd base
0-1: Ball
1-1: Foul Ball, location: 2F
1-2: Ground out 6-3 (Groundball, 6)
Top of the 7th over - 0 run(s), 0 hit(s), 0 error(s), 0 left on base; Mancelona 1 - York 4
BOTTOM OF THE 7TH
York Revolution batting - Pitching for Mancelona Torch : RHP Dan Townsend
Batting: RHB Ronald Comejo 0-0: Called Strike
0-1: Fly out, F8 (Flyball, 8LM)
Batting: RHB Ernesto Deleón 0-0: Swinging Strike
0-1: Ball
1-1: Ball
2-1: Ground out 5-3 (Groundball, 56S)
Batting: LHB Gong Mao 0-0: Ball
1-0: Called Strike
1-1: Foul Ball, location: 2F
1-2: Ball
2-2: Ball
3-2: Base on Balls
Batting: RHB Kasper Schuilenberg 0-0: Called Strike
0-1: Called Strike
0-2: Ball
1-2: Foul Ball, location: 2F
1-2: Fly out, F6 (Popup, 56D)
Bottom of the 7th over - 0 run(s), 0 hit(s), 0 error(s), 1 left on base; Mancelona 1 - York 4
TOP OF THE 8TH
Mancelona Torch batting - Pitching for York Revolution : RHP Jaime Puga
Batting: RHB Ratko Ralevic 0-0: Foul Ball, location: 2F
0-1: Ball
1-1: Swinging Strike
1-2: Strikes out looking
Batting: LHB Jim Halpert 0-0: Swinging Strike
0-1: Foul Ball, location: 2F
0-2: Foul Ball, location: 2F
0-2: Strikes out looking
Batting: RHB Alex Vaske 0-0: Swinging Strike
0-1: Ball
1-1: Foul Ball, location: 2F
1-2: Ball
2-2: DOUBLE (Groundball, 5L)
Batting: LHB Yu-zeng Si 0-0: Ball
1-0: Called Strike
1-1: Ball
2-1: Ball
3-1: Called Strike
3-2: Strikes out swinging
Top of the 8th over - 0 run(s), 1 hit(s), 0 error(s), 1 left on base; Mancelona 1 - York 4
BOTTOM OF THE 8TH
York Revolution batting - Pitching for Mancelona Torch : RHP Dan Townsend
Batting: SHB Jeff Lowe 0-0: Called Strike
0-1: Ball
1-1: Called Strike
1-2: Foul Ball, location: 2F
1-2: Strikes out looking
Batting: RHB Shane Seim 0-0: DOUBLE (Line Drive, 78D)
Batting: RHB William Rimmer 0-0: Called Strike
Shane Seim steals 3rd base
0-1: Ball
1-1: Called Strike
1-2: Ball
2-2: Ball
3-2: DOUBLE (Line Drive, 9)
Shane Seim scores
Batting: LHB Joe Ellison 0-0: Ball
William Rimmer is caught stealing 3rd base
1-0: Foul Ball, location: 2F
1-1: Swinging Strike
1-2: Strikes out swinging
Bottom of the 8th over - 1 run(s), 2 hit(s), 0 error(s), 0 left on base; Mancelona 1 - York 5
TOP OF THE 9TH
Mancelona Torch batting - Pitching for York Revolution : RHP Jaime Puga
Pitching: RHP Jack Mason
Batting: RHB Adrijan Markovski 0-0: Swinging Strike
0-1: Called Strike
0-2: Strikes out looking
Batting: RHB Kyle Vandenbrink 0-0: Called Strike
0-1: Foul Ball, location: 2F
0-2: Ball
1-2: Ball
2-2: Ball
3-2: Foul Ball, location: 2F
3-2: Fly out, F7 (Flyball, 7)
Batting: LHB Alberto Hernández 0-0: Foul Ball, location: 2F
0-1: Foul Ball, location: 2F
0-2: Ball
1-2: Foul Ball, location: 2F
1-2: Ball
2-2: Fly out, F8 (Flyball, 8LM)
Top of the 9th over - 0 run(s), 0 hit(s), 0 error(s), 0 left on base; Mancelona 1 - York 5
Tuesday, August 15th, 2017 - OOTP Baseball 17.12 Build 75